 Dungeon Crawl Stone Soup version 0.21-a0-352-g5b8f553 (webtiles) character file.

449 4thArraOfDagon the Skirmisher (level 7, -3/88 HPs)
             Began as a Gnoll Monk on Oct 10, 2017.
             Was a Priest of Trog.
             Slain by an ogre
             ... wielding a +0 giant club
              (24 damage)
             ... on level 5 of the Dungeon.
             The game lasted 00:04:08 (829 turns).

4thArraOfDagon the Skirmisher (Gnoll Monk)           Turns: 829, Time: 00:04:08

Health: -3/88      AC:  5    Str: 20    XL:     7   Next: 4%
Magic:  8/10       EV: 15    Int: 13    God:    Trog [***...]
Gold:   58         SH:  0    Dex: 17    Spells: 10/10 levels left

rFire    . . .     SeeInvis .   a - +0 hand axe
rCold    . . .     Gourm    .   (no shield)
rNeg     . . .     Faith    .   r - +0 ring mail
rPois    .         Spirit   .   (no helmet)
rElec    .         Reflect  .   (no cloak)
rCorr    .         Harm     .   (no gloves)
MR       ++...                  (no boots)
Stlth    ..........             (no amulet)
HPRegen  1.24/turn              (no ring)
MPRegen  0.12/turn              (no ring)

@: berserking, regenerating, very quick
A: distributed training, fangs 1, strong nose
a: Berserk, Trog's Hand, Burn Spellbooks, Renounce Religion


You were on level 5 of the Dungeon.
You worshipped Trog.
Trog was most pleased with you.
You were near starving.

You visited 1 branch of the dungeon, and saw 5 of its levels.

You collected 58 gold pieces.

Inventory:

Hand Weapons
 a - a +0 hand axe (weapon)
Armour
 b - a +0 robe
 r - a +0 ring mail (worn)
Wands
 o - a wand of flame (21/48)
Scrolls
 d - 2 scrolls of identify {unknown}
 e - a scroll of random uselessness {unknown}
 f - 2 scrolls of recharging {unknown}
 h - a scroll of teleportation {unknown}
 l - 3 scrolls of remove curse {unknown}
Potions
 i - a potion of brilliance {unknown}
 k - 2 potions of lignification {unknown}
 m - a potion of magic {unknown}
 p - 2 potions of flight {unknown}
 q - a potion of invisibility {unknown}
Books
 j - a book of Minor Magic

   Spells                             Type                      Level
   a - Magic Dart                     Conjuration                  1
   b - Blink                          Translocation                2
   c - Call Imp                       Summoning                    2
   d - Slow                           Hexes                        2
   e - Conjure Flame                  Conjuration/Fire             3
   f - Mephitic Cloud                 Conjuration/Poison/Air       3
   Trog disapproves of the use of such an item.
Comestibles
 c - 2 bread rations
 g - 2 meat rations


   Skills:
 + Level 6.9 Fighting
 + Level 2.2 Short Blades
 + Level 2.2 Long Blades
 + Level 6.9 Axes
 + Level 2.2 Maces & Flails
 + Level 2.2 Polearms
 + Level 2.2 Staves
 + Level 2.2 Slings
 + Level 2.2 Bows
 + Level 2.2 Crossbows
 + Level 2.2 Throwing
 + Level 2.2 Armour
 + Level 6.9 Dodging
 + Level 4.7 Stealth
 + Level 2.2 Shields
 + Level 2.2 Unarmed Combat
 + Level 2.2 Spellcasting
 + Level 2.2 Conjurations
 + Level 2.2 Hexes
 + Level 2.2 Charms
 + Level 2.2 Summonings
 + Level 2.2 Necromancy
 + Level 2.2 Translocations
 + Level 2.2 Transmutations
 + Level 2.2 Fire Magic
 + Level 2.2 Ice Magic
 + Level 2.2 Air Magic
 + Level 2.2 Earth Magic
 + Level 2.2 Poison Magic
 + Level 2.2 Invocations
 + Level 2.2 Evocations


You had 10 spell levels left.
You didn't know any spells.

Dungeon Overview and Level Annotations

Branches:
Dungeon (5/15)
 Temple: D:4-7

Altars:
Dithmenos
Gozag
Trog


Innate Abilities, Weirdness & Mutations

Your experience applies equally to all skills.
You have very sharp teeth.
Your uncanny sense of smell can sniff out nearby items.


Message History

Your Transmutations skill increases to level 2!
Your Fire Magic skill increases to level 2!
Your Ice Magic skill increases to level 2!
Your Air Magic skill increases to level 2!
Your Earth Magic skill increases to level 2!
Your Poison Magic skill increases to level 2!
Your Invocations skill increases to level 2!
Your Evocations skill increases to level 2!
You closely miss the leopard gecko. You slash the ice beast!
You kill the ice beast!
Trog accepts your kill.
You have reached level 7!
You slash the ogre!
The leopard gecko bites you but does no damage.
Unknown command.
Unknown command.
You slash the ogre!
The ogre is severely wounded.
You hit the leopard gecko. The ogre hits you with a giant club!!
You die...

...... ....# ##......
#......# ........
###......# ........
......... ........
###...... ........
......... ..######
#.....# ........ #...l.#
..###### #...)@########
.<# .####..O........ ..#
................
..############...........
.........................
.........................
.........................
.........................
........######..(........


You could see an ogre and a leopard gecko.

Vanquished Creatures
  An ice beast (D:5)
  An ogre (D:5)
  A centaur (D:5)
  A bullfrog skeleton (D:4)
  A hound (D:4)
  A centaur skeleton (D:4)
  Ijyb (D:5)
  A worker ant (D:4)
  3 adders
  3 leopard geckos
  3 bats
  2 giant cockroaches (D:3)
  5 goblins
  A hobgoblin (D:3)
  3 jackals (D:3)
  2 kobolds (D:3)
  2 ball pythons
  3 frilled lizards
  5 rats
40 creatures vanquished.

Vanquished Creatures (others)
  A quokka zombie (D:5)
1 creature vanquished.

Grand Total: 41 creatures vanquished

Notes
Turn   | Place    | Note
-------+----------+-------------------------------------------
     0 | D:1      | 4thArraOfDagon the Gnoll Monk began the quest for the Orb.
     0 | D:1      | Reached XP level 1. HP: 23/23 MP: 1/1
    83 | D:2      | Reached XP level 2. HP: 29/29 MP: 2/2
    84 | D:2      | Found a faded altar of an unknown god.
   101 | D:2      | Became a worshipper of Trog the Wrathful
   101 | D:2      | Reached * piety under Trog
   101 | D:2      | Reached ** piety under Trog
   131 | D:2      | Reached XP level 3. HP: 35/35 MP: 3/3
   157 | D:2      | Reached *** piety under Trog
   226 | D:3      | Found an opulent altar of Gozag.
   269 | D:3      | Found a shadowy altar of Dithmenos.
   364 | D:3      | Reached skill level 1 in Short Blades
   364 | D:3      | Reached skill level 1 in Long Blades
   364 | D:3      | Reached skill level 1 in Maces & Flails
   364 | D:3      | Reached skill level 1 in Polearms
   364 | D:3      | Reached skill level 1 in Staves
   364 | D:3      | Reached skill level 1 in Slings
   364 | D:3      | Reached skill level 1 in Bows
   364 | D:3      | Reached skill level 1 in Crossbows
   364 | D:3      | Reached skill level 1 in Throwing
   364 | D:3      | Reached skill level 1 in Armour
   364 | D:3      | Reached skill level 1 in Shields
   364 | D:3      | Reached skill level 1 in Unarmed Combat
   364 | D:3      | Reached skill level 1 in Spellcasting
   364 | D:3      | Reached skill level 1 in Conjurations
   364 | D:3      | Reached skill level 1 in Hexes
   364 | D:3      | Reached skill level 1 in Charms
   364 | D:3      | Reached skill level 1 in Summonings
   364 | D:3      | Reached skill level 1 in Necromancy
   364 | D:3      | Reached skill level 1 in Translocations
   364 | D:3      | Reached skill level 1 in Transmutations
   364 | D:3      | Reached skill level 1 in Fire Magic
   364 | D:3      | Reached skill level 1 in Ice Magic
   364 | D:3      | Reached skill level 1 in Air Magic
   364 | D:3      | Reached skill level 1 in Earth Magic
   364 | D:3      | Reached skill level 1 in Poison Magic
   364 | D:3      | Reached skill level 1 in Invocations
   364 | D:3      | Reached skill level 1 in Evocations
   386 | D:3      | Reached XP level 4. HP: 10/41 MP: 5/5
   544 | D:5      | Entered Level 5 of the Dungeon
   544 | D:5      | Noticed Ijyb
   546 | D:5      | Noticed a centaur
   591 | D:5      | Killed Ijyb
   596 | D:5      | Killed a centaur
   596 | D:5      | Reached XP level 5. HP: 26/47 MP: 5/7
   615 | D:5      | Noticed an ice beast
   747 | D:4      | Reached XP level 6. HP: 14/53 MP: 8/8
   828 | D:5      | Killed an ice beast
   828 | D:5      | Reached XP level 7. HP: 19/59 MP: 8/10
   829 | D:5      | Slain by an ogre

Vault maps used:
D:1:      ldierk_water_garden
D:2:      chequers_ecumenical_altar_island
D:3:      nicolae_gozag_seed_capital, nicolae_dithmenos_shadow_blocks,
          first_bread, portal_sewer_entry_f
D:4:      vehumet_altar_wand_db
D:5:      lemuel_statue_altar, uniq_ijyb

Skill      XL: |  1  2  3  4  5  6 |
---------------+-------------------+-----
Short Blades   | 1 2 |  2.2
Long Blades    | 1 2 |  2.2
Maces & Flails | 1 2 |  2.2
Polearms       | 1 2 |  2.2
Staves         | 1 2 |  2.2
Slings         | 1 2 |  2.2
Bows           | 1 2 |  2.2
Crossbows      | 1 2 |  2.2
Throwing       | 1 2 |  2.2
Armour         | 1 2 |  2.2
Shields        | 1 2 |  2.2
Unarmed Combat | 1 2 |  2.2
Spellcasting   | 1 2 |  2.2
Conjurations   | 1 2 |  2.2
Hexes          | 1 2 |  2.2
Charms         | 1 2 |  2.2
Summonings     | 1 2 |  2.2
Necromancy     | 1 2 |  2.2
Translocations | 1 2 |  2.2
Transmutations | 1 2 |  2.2
Fire Magic     | 1 2 |  2.2
Ice Magic      | 1 2 |  2.2
Air Magic      | 1 2 |  2.2
Earth Magic    | 1 2 |  2.2
Poison Magic   | 1 2 |  2.2
Invocations    | 1 2 |  2.2
Evocations     | 1 2 |  2.2
Fighting       | |  6.9
Axes           | |  6.9
Dodging        | |  6.9
Stealth        | |  4.7

Action                   |  1- 3 |  4- 6 |  7- 9 || total
-------------------------+-------+-------+-------++-------
Melee: Hand axe          |    59 |    44 |     1 ||   104
       Bite              |     2 |     8 |       ||    10
       Punch             |       |     1 |       ||     1
Invok: Berserk           |     2 |     4 |       ||     6
       Trog's Hand       |     1 |     1 |       ||     2
 Stab: Sleeping          |     4 |     1 |       ||     5
  Eat: Royal jelly       |     1 |       |       ||     1
       Chunk             |       |     2 |       ||     2
Armor: Robe              |     8 |       |       ||     8
       Ring mail         |       |     3 |     1 ||     4
Dodge: Dodged            |    68 |    29 |       ||    97

Table legend:
 A = Spawn XP
 B = Non-spawn XP
 C = Spawn XP percentage of total XP
 D = Spawn monster count
 E = Non-spawn monster count
 F = Spawn count percentage of total count
 G = Total turns spent on level
                    A         B        C        D         E        F      G
               +---------+---------+-------+---------+---------+-------+---------
         Total |       0 |     642 |   0.0 |       0 |      40 |   0.0 |   829
               +---------+---------+-------+---------+---------+-------+---------
           D:1 |       0 |       3 |   0.0 |       0 |       2 |   0.0 |    51
           D:2 |       0 |      36 |   0.0 |       0 |       9 |   0.0 |   163
           D:3 |       0 |      47 |   0.0 |       0 |      19 |   0.0 |   289
           D:4 |       0 |     164 |   0.0 |       0 |       6 |   0.0 |   192
           D:5 |       0 |     392 |   0.0 |       0 |       4 |   0.0 |   134
               +---------+---------+-------+---------+---------+-------+---------
